 Dungeon Crawl Stone Soup version 0.26.1-11-gd32895ea62 (webtiles) character file.

Game seed: 2365416770621954821

1855 WaxSun the Covert (level 8, 0/41 HPs)
             Began as a Vampire Enchanter on May 3, 2021.
             Was an Initiate of Gozag.
             Slain by an ogre
             ... wielding a +0 giant club
              (28 damage)
             ... on level 8 of the Dungeon.
             The game lasted 00:17:58 (7134 turns).

WaxSun the Covert (Vampire Enchanter)               Turns: 7134, Time: 00:17:58

Health: 0/41       AC:  5    Str:  7    XL:     8   Next: 89%
Magic:  16/18      EV: 14    Int: 22    God:    Gozag
Gold:   1061       SH:  0    Dex: 14    Spells: 14/20 levels left

rFire    + . .     SeeInvis +   a - +3 dagger (venom)
rCold    + + .     Faith    .   (no shield)
rNeg     + + +     Spirit   .   g - +2 leather armour {Will+}
rPois    ∞         Reflect  .   s - +0 helmet
rElec    .         Harm     .   w - -2 cloak of Starshine {rF+ Int+2} (curse)
rCorr    .         Rampage  .   (no gloves)
Will     +....                  (no boots)
Stlth    +++++++...             (no amulet)
HPRegen  0.00/turn              r - ring of wizardry
MPRegen  0.16/turn              v - ring of stealth

@: bloodless
A: fangs 3, see invisible, unbreathing
a: Bat Form, Revivify, Renounce Religion, Potion Petition, Call Merchant, Bribe
Branch


You were on level 8 of the Dungeon.
You worshipped Gozag.
Gozag was most pleased with you.
You visited 1 branch of the dungeon, and saw 7 of its levels.

You collected 1147 gold pieces.
You spent 80 gold pieces at shops.
You paid 6 gold pieces to Gozag.

Inventory:

Hand Weapons
 a - a +3 dagger of venom (weapon)
 j - a +0 short sword of venom
 z - a +0 rapier
Missiles
 d - 2 throwing nets
Armour
 g - a +2 leather armour of willpower (worn)
 q - a +0 buckler
 s - a +0 helmet (worn)
 w - the cursed -2 cloak of Starshine (worn) {rF+ Int+2}
   (You found it on level 6 of the Dungeon)

   It affects your intelligence (+2).
   It protects you from fire.
   It has a curse placed upon it.
 B - a scarf of shadows
Jewellery
 r - a ring of wizardry (left hand)
 v - a ring of stealth (right hand)
Wands
 i - a wand of flame (22)
 u - a wand of acid (17)
 A - a wand of digging (5)
 D - a wand of paralysis (7)
Scrolls
 f - 2 scrolls of enchant armour
 k - 2 scrolls of teleportation
 l - 2 scrolls of enchant weapon
 n - 2 scrolls of remove curse
 o - a scroll of blinking
 t - a scroll of noise {unknown}
 y - 2 scrolls of immolation {unknown}
 C - a scroll of summoning {unknown}
Potions
 b - 2 potions of cancellation {unknown}
 c - a potion of ambrosia {unknown}
 e - 4 potions of lignification {unknown}
 h - a potion of invisibility {unknown}
 m - 4 potions of curing
 p - a potion of mutation {unknown}
 x - 2 potions of heal wounds


   Skills:
 - Level 1.1 Short Blades
 + Level 5.9 Dodging
 + Level 9.2 Stealth
 * Level 6.9 Spellcasting
 - Level 8.0 Hexes
 - Level 2.0 Ice Magic


You had 14 spell levels left.
You knew the following spells:

 Your Spells              Type           Power        Failure   Level
a - Corona                Hex            46%          1%          1
b - Ensorcelled Hibernat  Hex/Ice        58%          1%          2
c - Confusing Touch       Hex            42%          1%          3

Your spell library contained the following spells:

 Spells                   Type           Power        Failure   Level
 Tukima's Dance           Hex            42%          1%          3
 Dazzling Flash           Conj/Hex       50%          3%          3
 Animate Skeleton         Necr           14%          5%          1
 Apportation              Tloc           14%          5%          1
 Summon Small Mammal      Summ           28%          5%          1


Dungeon Overview and Level Annotations

Branches:
Dungeon (6/15)
 Temple: D:4-7

Altars:
Cheibriados
Dithmenos
Gozag
Qazlal
Ru
Vehumet

Shops:
D:6 *!


Innate Abilities, Weirdness & Mutations

You do not regenerate when monsters are visible.
You are frail without blood (-20% HP).
You can heal yourself when you bite living creatures.
You are immune to poison.
You have razor-sharp teeth.
You have supernaturally acute eyesight. (SInv)
You can survive without breathing.


Message History

An ogre comes into view. It is wielding a +0 giant club.
A centaur warrior comes into view.
The centaur warrior moves out of view.
Found 14 arrows.
The ogre shouts!
The centaur warrior shouts!
You hear an angry hiss.
The centaur warrior wields a +0 shortbow.
The centaur warrior shoots an arrow.
The arrow hits you!
You hear a shout!
Found 7 gold pieces.
You see here an arrow.
Casting: Ensorcelled Hibernation (safe; 1% risk of failure)
Confirm with . or Enter, or press ? or * to list all spells.
Aiming: Ensorcelled Hibernation (safe; 1% risk of failure)
Press: ? - help, Shift-Dir - straight line, f - ogre
Aim: an ogre, wielding a +0 giant club (chance to affect: 58%)
The ogre resists with significant effort.
The ogre hits you with a +0 giant club!!
Ouch! That really hurt!
You die...
Your body crumbles into a pile of gold.

.. .# ..#.
..... ###
#.....
#.###......
#..@O......
#..(.......
##.........
##.......#
.....####
....##
#$.### ..(#
.#..


You could see an ogre.

Vanquished Creatures
  Grinder (D:4)
  Eustachio (D:5)
  A water moccasin (D:6)
  An ice beast (D:5)
  A phantom (D:5)
  3 centaurs
  An ogre (D:6)
  Blork the orc (D:6)
  A bullfrog (D:3)
  A gnoll sergeant (D:6)
  A scorpion (D:5)
  A bullfrog zombie (D:5)
  2 hounds (D:5)
  3 orc wizards
  2 bullfrog skeletons
  4 worker ants
  A hound skeleton (D:6)
  Robin (D:4)
  6 gnolls
  11 adders
  A white imp (D:6)
  3 oozes
  An adder skeleton (D:4)
  3 worms
  2 dart slugs
  2 leopard geckos (D:4)
  13 orcs
  4 bats (D:1)
  7 giant cockroaches
  15 goblins
  8 hobgoblins
  18 jackals
  2 quokkas (D:5)
  3 ball pythons
  7 frilled lizards
  8 kobolds
  A leopard gecko skeleton (D:5)
  A quokka skeleton (D:5)
  14 rats
157 creatures vanquished.

Notes
Turn   | Place    | Note
-------+----------+-------------------------------------------
     0 | D:1      | WaxSun the Vampire Enchanter began the quest for the Orb.
     0 | D:1      | Reached XP level 1. HP: 13/13 MP: 3/3
   163 | D:1      | Reached XP level 2. HP: 19/19 MP: 5/5
   166 | D:1      | Learned a level 2 spell: Ensorcelled Hibernation
   473 | D:1      | Reached XP level 3. HP: 21/24 MP: 1/6
   628 | D:1      | Reached skill level 5 in Hexes
   793 | D:2      | Found a stormy altar of Qazlal.
   793 | D:2      | Found a shadowy altar of Dithmenos.
   793 | D:2      | Found an opulent altar of Gozag.
   921 | D:2      | Reached skill level 5 in Stealth
   989 | D:2      | Became a worshipper of Gozag Ym Sagoz the Greedy
  1344 | D:2      | Reached XP level 4. HP: 26/30 MP: 1/8
  1544 | D:2      | Found a sacrificial altar of Ru.
  1994 | D:3      | Reached XP level 5. HP: 34/35 MP: 0/9
  2515 | D:3      | Reached XP level 6. HP: 41/41 MP: 8/11
  2878 | D:3      | Learned a level 3 spell: Confusing Touch
  2882 | D:4      | Reached skill level 6 in Stealth
  3181 | D:4      | Noticed Grinder
  3217 | D:4      | Killed Grinder
  3218 | D:4      | Reached skill level 1 in Ice Magic
  3218 | D:4      | Reached XP level 7. HP: 7/36 MP: 8/13
  3528 | D:4      | Noticed Robin
  3778 | D:4      | Killed Robin
  4269 | D:5      | Entered Level 5 of the Dungeon
  4725 | D:5      | Reached skill level 7 in Stealth
  4823 | D:5      | Reached skill level 5 in Spellcasting
  5317 | D:5      | Reached XP level 8. HP: 37/41 MP: 14/16
  5511 | D:5      | Noticed Eustachio
  5525 | D:5      | Killed Eustachio
  5526 | D:5      | Reached skill level 5 in Dodging
  5643 | D:5      | Reached skill level 8 in Stealth
  6566 | D:6      | Noticed Blork the orc
  6579 | D:6      | Found Aryufudu's Distillery.
  6588 | D:6      | Bought a potion of heal wounds for 50 gold pieces
  6588 | D:6      | Bought a potion of curing for 30 gold pieces
  6590 | D:6      | Found Gozag's Platinum Reserve.
  6591 | D:6      | Found an opulent altar of Gozag.
  6604 | D:6      | Got a buzzing cloak
  6610 | D:6      | Identified the cursed -2 cloak of Starshine {rF+ Int+2}
                  | (You found it on level 6 of the Dungeon)
  6635 | D:6      | Reached skill level 9 in Stealth
  6817 | D:6      | Killed Blork the orc
  7055 | D:6      | Found a snail-covered altar of Cheibriados.
  7055 | D:6      | Found a radiant altar of Vehumet.
  7130 | D:6      | You fall into a shaft and drop 2 floors!
  7131 | D:8      | Noticed a centaur warrior
  7134 | D:8      | Slain by an ogre

Illustrated notes

Levels and vault maps discovered:
D:1:      psy_arrival_whirlpool, layout_loops_ring
D:2:      layout_loops_ring, gammafunk_temple_overflow_claw,
          nicolae_ru_great_annihilating_truth
D:3:      minmay_chambers_of_twos, layout_rooms, grunt_ministairs_14
D:4:      layout_gridville, uniq_robin, uniq_grinder
D:5:      minmay_evil_eye, layout_layer_cave, uniq_eustachio
D:6:      layout_basic, gammafunk_temple_overflow_wave, serial_shops, shop,
          minmay_misc_feat_tower, chequers_serial_rivers_small_3,
          roderic_lattice_a, nicolae_gozag_zags_fifth_avenue, uniq_blork_the_orc
D:8:      layout_rooms, david_lair_generic, ebering_ghost_xom, uniq_pikel,
          uniq_prince_ribbit1, uniq_psyche

Skill      XL: |  1  2  3  4  5  6  7  8 |
---------------+-------------------------+-----
Hexes          | 5 6 7 8 |  8.0
Stealth        | 5 6 7 9 |  9.2
Dodging        | 3 4 5 |  5.9
Spellcasting   | 3 4 5 6 |  6.9
Ice Magic      | 1 2 |  2.0
Short Blades   | |  1.1

Action                   |  1- 3 |  4- 6 |  7- 9 || total
-------------------------+-------+-------+-------++-------
Melee: Dagger            |   100 |   113 |   149 ||   362
       Bite              |     3 |     6 |     5 ||    14
 Cast: Ensorcelled Hiber |    16 |    19 |    19 ||    54
       Confusing Touch   |       |     2 |     3 ||     5
 Abil: Exsanguinate      |       |     1 |       ||     1
  Use: Scroll            |       |       |     8 ||     8
 Stab: Sleeping          |    21 |    17 |    43 ||    81
       Distracted        |       |     2 |     2 ||     4
       Confused          |       |     1 |     3 ||     4
Armor: Robe              |    12 |     8 |       ||    20
       Leather armour    |       |     6 |    38 ||    44
Dodge: Dodged            |    48 |    63 |    80 ||   191
